Map: Prion Terraces

Players

FLORENCIO - Winner!

  • Race: Protoss Protoss
  • League: Diamond

Typic

  • Race: Terran Terran
  • League: Diamond

VOD

Have the link to the VOD?

Description

Time

  • Played on: Feb. 1, 2016, 8:29 p.m.
  • Length: 16:44
Show
View Real Time Build Order
Export as new Build Order

FLORENCIO Protoss - Winner!

Build Orders:  

Get SALT Encoding   

  12  0:02  Probe (Chrono Boost)  
  13  0:12  Probe (Chrono Boost)  
  14  0:20  Pylon  
  14  0:23  Probe (Chrono Boost)  
  15  0:38  Probe (Chrono Boost)  
  15  0:39  Gateway  
  16  0:49  Probe (Chrono Boost)  
  17  0:56  Assimilator  
  17  0:59  Probe (Chrono Boost)  
  18  1:05  Pylon  
  18  1:10  Probe (Chrono Boost)  
  19  1:17  Assimilator  
  19  1:20  Probe (Chrono Boost)  
  20  1:28  Cybernetics Core  
  20  1:31  Probe (Chrono Boost)  
  21  1:43  Probe (Chrono Boost)  
  21  1:45  Zealot (Chrono Boost)  
  24  1:54  Probe (Chrono Boost)  
  25  2:06  Mothership Core  
  27  2:10  Stalker (Chrono Boost)  
  29  2:31  Nexus  
  29  2:36  Probe  
  30  2:48  Probe  
  31  2:52  Stargate  
  31  2:53  Pylon  
  31  2:59  Forge  
  31  3:02  Pylon  
  29  4:02  Oracle  
  30  4:18  Probe  
  29  4:26  Photon Cannon  
  29  4:28  Photon Cannon  
  29  4:29  Probe x2  
  29  4:30  Photon Cannon  
  31  4:31  Pylon  
  31  4:38  Oracle (Chrono Boost)  
  34  4:39  Pylon, Probe  
  34  4:40  Pylon  
  34  4:41  Mothership Core  
  34  4:43  Pylon  
  37  4:46  Stargate  
  37  4:53  Probe  
  37  4:58  Assimilator  
  38  5:02  Assimilator  
  38  5:03  Probe  
  36  5:56  Void Ray (Chrono Boost)  
  44  6:00  Void Ray (Chrono Boost)  
  44  6:04  Pylon  
  44  6:11  Probe  
  44  6:12  Probe  
  46  6:21  Probe  
  46  6:24  Probe  
  48  6:29  Pylon, Stargate  
  48  6:30  Nexus  
  48  6:32  Pylon, Probe  
  48  6:36  Probe  
  54  6:40  Void Ray (Chrono Boost)  
  54  6:42  Probe  
  55  6:48  Probe  
  55  6:53  Probe  
  57  6:54  Void Ray (Chrono Boost)  
  57  7:01  Probe  
  59  7:03  Probe  
  60  7:13  Probe  
  60  7:14  Probe  
  62  7:25  Probe  
  62  7:26  Void Ray (Chrono Boost)  
  62  7:29  Pylon  
  71  7:31  Void Ray (Chrono Boost)  
  71  7:33  Probe  
  71  7:35  Assimilator  
  72  7:39  Assimilator  
  76  7:48  Void Ray (Chrono Boost)  
  76  7:56  Photon Cannon  
  76  7:57  Pylon  
  76  7:59  Probe  
  76  8:03  Void Ray (Chrono Boost)  
  76  8:05  Probe  
  81  8:06  Probe  
  81  8:10  Probe  
  84  8:15  Probe  
  84  8:18  Probe  
  90  8:20  Probe  
  90  8:26  Probe  
  90  8:27  Void Ray (Chrono Boost)  
  91  8:30  Fleet Beacon  
  92  8:34  Pylon  
  92  9:09  Photon Cannon  
  92  9:12  Photon Cannon  
  92  9:14  Photon Cannon  
  92  9:15  Photon Cannon  
  92  9:16  Pylon  
  98  9:19  Photon Cannon  
  98  9:22  Photon Cannon  
  104  9:25  Carrier (Chrono Boost)  
  104  9:29  Carrier (Chrono Boost)  
  104  9:36  Carrier (Chrono Boost)  
  110  9:46  Nexus  
  110  9:48  Probe  
  111  9:55  Graviton Catapult  
  111  10:01  Probe  
  112  10:10  Stargate  
  112  10:46  Assimilator  
  112  10:48  Warp Gate  
  112  10:50  Assimilator  
  112  10:51  Twilight Council  
  112  10:54  Pylon  
  112  10:55  Pylon  
  124  10:57  Pylon  
  124  10:59  Pylon  
  124  11:00  Pylon  
  124  11:05  Carrier x2 (Chrono Boost)  
  124  11:23  Carrier (Chrono Boost), Probe  
  137  11:33  Probe  
  137  11:34  Carrier (Chrono Boost)  
  114  12:33  Carrier x2 (Chrono Boost)  
  114  12:35  Photon Cannon  
  114  12:37  Carrier (Chrono Boost), Photon Cannon  
  120  12:38  Photon Cannon  
  120  12:40  Photon Cannon  
  126  12:59  Carrier (Chrono Boost)  
  118  13:18  Probe  
  119  13:28  Probe  
  119  13:30  Photon Cannon  
  119  13:31  Photon Cannon  
  119  13:32  Photon Cannon x2  
  120  13:36  Pylon  
  120  13:37  Photon Cannon  
  120  13:39  Probe  
  127  13:57  Pylon  
  127  13:59  Carrier (Chrono Boost)  
  127  14:21  Void Ray (Chrono Boost)  
  127  14:22  Probe  
  139  14:27  Void Ray x2 (Chrono Boost)  
  140  14:59  Void Ray (Chrono Boost)  
  142  15:09  Void Ray (Chrono Boost)  
  142  16:04  Probe  
  143  16:15  Probe  
  139  16:25  Probe  
Show
View Real Time Build Order
Export as new Build Order

Typic Terran 

Build Orders: Reaper Expand 

Get SALT Encoding   

  12  0:01  SCV  
  13  0:13  SCV  
  14  0:17  Supply Depot  
  14  0:25  SCV  
  15  0:39  SCV  
  15  0:41  Barracks  
  16  0:47  Refinery  
  16  0:51  SCV  
  17  1:03  SCV  
  18  1:15  SCV  
  19  1:28  Orbital Command  
  19  1:30  Reaper  
  20  1:46  Command Center  
  21  2:01  Supply Depot  
  20  2:02  Barracks Reactor  
  20  2:08  SCV  
  21  2:20  SCV  
  22  2:28  Factory  
  22  2:32  SCV  
  23  2:38  Marine x2  
  26  2:44  SCV  
  26  2:56  SCV  
  27  2:59  Marine x2  
  27  3:03  Orbital Command  
  28  3:15  Factory Tech Lab  
  28  3:16  Bunker  
  28  3:21  SCV  
  28  3:23  Refinery  
  28  3:25  Marine x2  
  28  3:39  SCV  
  28  3:40  SCV  
  29  3:49  Marine x2  
  31  3:56  Cyclone  
  31  3:58  SCV x2  
  32  4:15  Marine x2  
  30  4:27  SCV x2  
  30  4:28  Starport  
  32  4:33  Marine  
  32  4:34  Marine  
  34  4:40  Barracks  
  34  4:45  SCV x2  
  36  4:49  Barracks  
  36  4:51  Marine  
  36  4:52  Supply Depot  
  37  4:54  Supply Depot  
  37  5:05  Starport Reactor  
  37  5:09  SCV  
  37  5:13  Marine x2, Siege Tank, SCV  
  36  5:30  SCV x2  
  36  5:33  Marine x2  
  31  5:42  SCV  
  31  5:43  SCV  
  31  5:45  Barracks Tech Lab  
  31  5:47  Medivac  
  32  5:50  Marine  
  32  5:55  SCV  
  32  5:56  SCV  
  32  5:57  Marine, Engineering Bay  
  36  6:06  Barracks Reactor  
  36  6:07  Marauder, SCV  
  39  6:12  Marine  
  39  6:14  SCV  
  39  6:17  Marine  
  42  6:23  SCV  
  43  6:27  Missile Turret  
  43  6:28  Missile Turret, Marine  
  43  6:30  SCV  
  43  6:32  Medivac  
  47  6:38  Supply Depot  
  42  6:50  SCV x2  
  42  6:53  Marine x2  
  42  7:14  Marine  
  42  7:15  Marine x3  
  38  7:18  SCV x2  
  40  7:30  Marine  
  41  7:37  Liberator  
  41  7:38  SCV x2  
  41  7:39  Marine x4  
  47  7:58  SCV x2  
  52  8:00  Marine x4  
  52  8:01  Marine  
  57  8:06  Supply Depot  
  57  8:07  Supply Depot  
  57  8:12  SCV x2  
  59  8:16  Combat Shields  
  59  8:28  SCV x2  
  59  8:29  Armory  
  59  8:30  Marine x2  
  63  8:43  SCV x2  
  63  8:45  Sensor Tower  
  63  8:46  Refinery  
  65  9:04  Marine x4  
  65  9:05  Starport  
  65  9:06  SCV x2  
  71  9:11  Refinery  
  71  9:18  Sensor Tower  
  71  9:19  Marine  
  72  9:25  Supply Depot, SCV  
  72  9:26  Supply Depot, SCV  
  74  9:35  Liberator  
  74  9:37  Liberator  
  74  9:38  Marine x3  
  76  9:40  Stimpack  
  76  9:43  SCV  
  78  9:47  SCV  
  85  10:04  Supply Depot  
  86  10:07  SCV x2  
  86  10:12  Sensor Tower  
  87  10:15  Marine x2  
  87  10:16  Marine x3  
  87  10:20  SCV x2  
  94  10:21  Liberator x2  
  92  10:50  SCV x2  
  93  11:01  Marine x4  
  93  11:02  Marine  
  98  11:16  Liberator, SCV x2  
  100  11:29  Supply Depot  
  100  11:31  Supply Depot  
  100  11:36  Marine  
  100  11:37  Marine x2  
  100  11:38  Marine x2, Liberator  
  97  11:50  Thor  
  102  11:54  SCV x2  
  102  11:59  Marine x4  
  102  12:01  Liberator  
  110  12:15  Marine  
  105  12:23  SCV x2  
  107  12:32  Marine x4  
  107  12:36  Thor  
  117  12:40  Supply Depot  
  117  12:45  Supply Depot  
  117  12:56  SCV  
  118  13:02  SCV, Medivac  
  116  13:12  Medivac  
  104  13:16  Marine x4  
  108  13:21  Thor  
  108  13:24  SCV x2  
  116  13:31  Liberator  
  116  13:35  Medivac  
  116  13:36  SCV  
  116  13:38  Marine x5  
  127  14:01  Command Center  
  127  14:09  Thor, Ghost Academy  
  133  14:13  SCV  
  134  14:24  Supply Depot  
  134  14:25  Supply Depot  
  134  14:29  Factory  
  134  14:42  SCV  
  134  14:46  Refinery  
  97  15:16  Marine x2  
  80  15:30  Factory Reactor  
  80  15:37  Marine x2  
  80  15:48  Marine x2  
  82  16:03  Starport  
Tags
 
Add a new tag
Caveats
  • Supply blocks, unpowered buildings, or Contaminate may cause inaccurate times.
  • Supply counts are checked every 10 seconds.